 Dungeon Crawl Stone Soup version 0.22-a0-307-g2b15929 (webtiles) character file.

1018 xccam the Cleaver (level 8, -13/58 HPs)
             Began as a Formicid Fighter on Apr 1, 2018.
             Was an Initiate of Cheibriados.
             Killed by nerve-wracking pain
             ... invoked by a shadow imp
              (14 damage)
             ... on level 5 of the Dungeon.
             The game lasted 00:06:30 (4110 turns).

xccam the Cleaver (Formicid Fighter)                Turns: 4110, Time: 00:06:30

Health: -13/58     AC:  8    Str: 26    XL:     8   Next: 45%
Magic:  8/8        EV:  8    Int:  9    God:    Cheibriados [......]
Gold:   207        SH: 10    Dex: 11    Spells: 7/7 levels left

rFire    . . .     SeeInvis +   a - +0 war axe
rCold    . . .     Gourm    .   c - +0 shield
rNeg     . . .     Faith    .   h - +0 swamp dragon scales
rPois    +         Spirit   .   (helmet unavailable)
rElec    .         Reflect  .   (no cloak)
rCorr    .         Harm     .   (no gloves)
MR       .....     Clarity  +   (no boots)
Stlth    +.........             k - amulet of magic regeneration
HPRegen  0.19/turn              (no ring)
MPRegen  0.36/turn              (no ring)

@: very slow
A: permanent stasis, dig shafts and tunnels, four strong arms, antennae 3,
clarity, strong 1
a: Dig, Shaft Self, Bend Time, Renounce Religion


You were on level 5 of the Dungeon.
You worshipped Cheibriados.
Cheibriados was noncommittal.
You were not hungry.

You visited 2 branches of the dungeon, and saw 6 of its levels.
You also visited: Sewer.

You collected 207 gold pieces.

Inventory:

Hand Weapons
 a - a +0 war axe (weapon)
Armour
 b - a +0 scale mail
 c - a +0 shield (worn)
 h - +0 swamp dragon scales (worn)
Jewellery
 k - an amulet of magic regeneration (around neck)
 p - an uncursed ring of positive energy {unknown}
Wands
 o - a wand of iceblast (8)
Scrolls
 e - 2 scrolls of magic mapping {unknown}
 g - a scroll of blinking {unknown}
 i - 3 scrolls of identify {unknown}
 j - 2 scrolls of noise {unknown}
 m - a scroll of enchant armour {unknown}
 n - 3 scrolls of remove curse {unknown}
 q - 2 scrolls of fear {unknown}
 r - a scroll of teleportation {unknown}
 s - a scroll of immolation {unknown}
 u - a scroll of enchant weapon {unknown}
Potions
 d - a potion of mutation
Comestibles
 f - 7 rations


   Skills:
 - Level 3.2 Fighting
 + Level 9.5 Axes
 - Level 3.2 Armour
 - Level 3.6 Shields


You had 7 spell levels left.
You didn't know any spells.

Dungeon Overview and Level Annotations

Branches:
Dungeon (5/15)             Temple (1/1) D:5

Altars:
Ashenzari
Cheibriados
Dithmenos
Elyvilon
Fedhas
Kikubaaqudgha
Makhleb
Ru
Sif Muna
Trog
Uskayaw
Xom

Shops:
D:5 (


Innate Abilities, Weirdness & Mutations

You cannot be hasted, slowed, berserked, paralysed or teleported.
You can dig through walls and to a lower floor.
Your four strong arms can wield two-handed weapons with a shield.
You have a pair of large antennae on your head. (SInv)
You possess an exceptional clarity of mind.
Your muscles are strong. (Str +2)


Message History

You block the orc wizard's attack. You block the orc warrior's attack.
Unknown command.
You hit the orc warrior.
The orc warrior is moderately wounded.
You slash the orc wizard!
You kill the orc wizard!
Cheibriados appreciates the change of pace.
You closely miss the orc warrior.
The orc warrior is moderately wounded.
You slash the shadow imp! The orc warrior hits you with a glaive.
* * * LOW HITPOINT WARNING * * *
The shadow imp hits you.
* * * LOW HITPOINT WARNING * * *
Unknown command.
You closely miss the orc warrior.
The orc warrior is moderately wounded.
You hit the shadow imp. You block the orc warrior's attack.
The shadow imp gestures at you. Pain shoots through your body!
You die...

.##.......#.............#
.######>###†##+##.##...##
.##..##'###.##.##.######
.##................#
###................#
.##############'####
.##.....##..###...##
.##......#.........#
.##......#......@o.#
.##...######.####5##
.##...######.### o#
................ Zo
.##............. ...
########..####+ #..#
.##..###..## ..#
.'.........# ...
.##........#


You could see an orc warrior, a shadow imp, 2 orcs and an adder skeleton.

Vanquished Creatures
  A phantom (D:5)
  An ogre (D:4)
  A bullfrog (Sewer)
  A centaur zombie (D:5)
  2 crimson imps (D:5)
  2 orc priests
  2 centaur skeletons
  3 orc wizards (D:5)
  3 worker ants
  A worker ant zombie (D:5)
  8 gnolls (D:2)
  11 adders
  3 river rats (D:4)
  14 oozes (Sewer)
  2 worms (D:2)
  A dart slug (D:3)
  11 leopard geckos
  12 orcs
  17 ball pythons
  17 giant cockroaches
  9 goblins
  6 hobgoblins
  4 quokkas
  3 bats
  11 frilled lizards
  2 kobolds
  A leopard gecko zombie (D:5)
  13 rats
162 creatures vanquished.

Notes
Turn   | Place    | Note
-------+----------+-------------------------------------------
     0 | D:1      | xccam the Formicid Fighter began the quest for the Orb.
     0 | D:1      | Reached XP level 1. HP: 18/18 MP: 1/1
   266 | D:1      | Reached XP level 2. HP: 24/24 MP: 2/2
   319 | D:1      | Reached skill level 3 in Axes
   682 | D:2      | Reached XP level 3. HP: 23/29 MP: 3/3
   889 | D:2      | Reached skill level 4 in Axes
   889 | D:2      | Reached XP level 4. HP: 31/35 MP: 4/4
  1087 | D:2      | Reached XP level 5. HP: 29/41 MP: 5/5
  1089 | D:2      | Reached skill level 5 in Axes
  1302 | D:3      | Found an ornate altar of the Wu Jian Council.
  1304 | D:3      | Found a bloodstained altar of Trog.
  1304 | D:3      | Found a shimmering altar of Xom.
  1306 | D:3      | Found an iron altar of Okawaru.
  1306 | D:3      | Found a bloodstained altar of Trog.
  1306 | D:3      | Found a snail-covered altar of Cheibriados.
  1349 | D:3      | Found a burning altar of Makhleb.
  1386 | D:3      | Found a deep blue altar of Sif Muna.
  1545 | D:3      | Reached XP level 6. HP: 45/47 MP: 6/6
  1947 | D:4      | Reached skill level 6 in Axes
  2040 | D:4      | Noticed an ogre
  2054 | D:4      | Killed an ogre
  2066 | D:4      | Reached XP level 7. HP: 25/52 MP: 7/7
  2480 | D:4      | Reached skill level 7 in Axes
  2492 | D:4      | Found a glowing drain.
  2504 | Sewer    | Entered a sewer
  3106 | Sewer    | Gained mutation: You are partially covered in rugged brown scales. (AC +1, +3% HP) [potion of mutation]
  3106 | Sewer    | Lost mutation: You are partially covered in rugged brown scales. (AC +1, +3% HP) [potion of mutation]
  3106 | Sewer    | Gained mutation: You possess an exceptional clarity of mind. [potion of mutation]
  3106 | Sewer    | Gained mutation: Your muscles are strong. (Str +2) [potion of mutation]
  3109 | Sewer    | Reached skill level 8 in Axes
  3694 | D:5      | Entered Level 5 of the Dungeon
  3759 | D:5      | Reached XP level 8. HP: 45/58 MP: 8/8
  3829 | D:5      | Found Ogee's Antique Weapon Shoppe.
  3837 | D:5      | Found a staircase to the Ecumenical Temple.
  3862 | D:5      | Reached skill level 9 in Axes
  3882 | Temple   | Entered the Ecumenical Temple
  3906 | Temple   | Became a worshipper of Cheibriados the Contemplative
  4109 | D:5      | HP: 1/58 [shadow imp (3)]
  4110 | D:5      | Killed from afar by a shadow imp

Vault maps used:
D:1:      lemuel_arrival_river_ford
D:2:      first_ration
D:3:      wad_pebble_path, old_standard_altar, doesnt_xom_only_xom,
          lemuel_round_altar
D:4:      portal_sewer_entry_e, serial_bayou_crossing
D:5:      minmay_temple_entry_statues, serial_shops, shop
Temple:   nicolae_temple_elliptical
Sewer:    sewer_frog_island_02

Skill      XL: |  1  2  3  4  5  6  7  8 |
---------------+-------------------------+-----
Axes           | 3 4 5 6 8 9 |  9.5
Fighting       | |  3.2
Armour         | |  3.2
Shields        | |  3.6

Action                   |  1- 3 |  4- 6 |  7- 9 || total
-------------------------+-------+-------+-------++-------
Melee: War axe           |    90 |   165 |   341 ||   596
  Use: Potion            |       |     3 |     4 ||     7
  Eat: Chunk             |       |     4 |     5 ||     9
       Ration            |       |       |     1 ||     1
Armor: Scale mail        |     5 |       |       ||     5
       Swamp dragon scal |    30 |    56 |   167 ||   253
       Skin              |       |    13 |       ||    13
Dodge: Dodged            |    30 |    50 |   125 ||   205
Block: Shield            |    58 |    94 |   188 ||   340

Table legend:
 A = Spawn XP
 B = Non-spawn XP
 C = Spawn XP percentage of total XP
 D = Spawn monster count
 E = Non-spawn monster count
 F = Spawn count percentage of total count
 G = Total turns spent on level
                    A         B        C        D         E        F      G
               +---------+---------+-------+---------+---------+-------+---------
         Total |       0 |    1455 |   0.0 |       0 |     162 |   0.0 |  4110
               +---------+---------+-------+---------+---------+-------+---------
           D:1 |       0 |      25 |   0.0 |       0 |      14 |   0.0 |   665
           D:2 |       0 |     170 |   0.0 |       0 |      28 |   0.0 |   626
           D:3 |       0 |      98 |   0.0 |       0 |      24 |   0.0 |   645
           D:4 |       0 |     319 |   0.0 |       0 |      18 |   0.0 |   926
           D:5 |       0 |     508 |   0.0 |       0 |      18 |   0.0 |   379
         Sewer |       0 |     335 |   0.0 |       0 |      60 |   0.0 |   832
               +---------+---------+-------+---------+---------+-------+---------
